 Dungeon Crawl Stone Soup version 0.20.2-3-g29329e0561 (webtiles) character file.

59 Alfie the Skirmisher (level 4, -2/40 HPs)
             Began as a Hill Orc Fighter on Dec 13, 2022.
             Slain by a goblin (3 damage)
             ... led by Robin
             ... on level 2 of the Dungeon.
             The game lasted 00:03:59 (1449 turns).

Alfie the Skirmisher (Hill Orc Fighter)             Turns: 1449, Time: 00:03:59

Health: -2/40      AC:  7    Str: 19    XL:     4   Next: 3%
Magic:  4/4        EV:  7    Int:  8    God:
Gold:   98         SH:  9    Dex: 10    Spells: 3/3 levels left

rFire    . . .     SeeInvis +   a - +0 rapier
rCold    . . .     Gourm    .   c - +0 shield
rNeg     . . .     Faith    .   b - +0 scale mail
rPois    .         Spirit   .   (no helmet)
rElec    .         Reflect  .   (no cloak)
rCorr    .         Harm     .   (no gloves)
MR       .....                  (no boots)
Stlth    +.........             (no amulet)
Regen    0.2/turn               p - ring of stealth
MPRegen  0.1/turn               s - ring of see invisible

@: no status effects
A: no striking features
a: no special abilities


You were on level 2 of the Dungeon.
You were not hungry.

You visited 1 branch of the dungeon, and saw 2 of its levels.

You collected 98 gold pieces.

Inventory:

Hand Weapons
 a - a +0 rapier (weapon)
Armour
 b - a +0 scale mail (worn)
 c - a +0 shield (worn)
Jewellery
 p - a ring of stealth (left hand)
 r - an uncursed ring of wizardry
 s - a ring of see invisible (right hand)
Wands
 h - a wand of paralysis (19/24)
Scrolls
 j - a scroll of teleportation {unknown}
 m - 2 scrolls of remove curse
 t - 2 scrolls of recharging
 u - a scroll of enchant armour {unknown}
Potions
 d - a potion of might
 e - a potion of flight {unknown}
 i - 3 potions of heal wounds
 k - a potion of ambrosia {unknown}
 l - a potion of lignification {unknown}
 n - a potion of haste {unknown}
 o - 2 potions of agility {unknown}
 q - a potion of magic {unknown}
Comestibles
 f - a bread ration
 g - a meat ration


   Skills:
 + Level 4.2 Fighting
 + Level 2.4 Short Blades
 + Level 3.8 Armour
 + Level 4.1 Shields


You had 3 spell levels left.
You didn't know any spells.

Dungeon Overview and Level Annotations

Branches:
Dungeon (2/15)

Altars:
Nemelex Xobeh

Annotations:
D:2 Robin


Message History

You feel blessed for a moment.
It was a scroll of remove curse.
Robin hits you but does no damage. The goblin barely misses you.
You block the goblin's attack. You block the hobgoblin's attack.
The goblin closely misses you.
Unknown command.
What are your orders? t - Shout!
Orders for allies: a - Attack new target. r - Retreat! s - Stop attacking. g - Guard the area. f - Follow me.
Anything else - Cancel.
Okay, then.
As you read the scroll labeled DOXZIVIAQE, it crumbles to dust.
It is a scroll of recharging.
Charge which item? (? for menu, Esc to quit)
Your wand of paralysis (?/24) glows for a moment.
You block the goblin's attack.
Robin flexes a bicep menacingly.
The goblin hits you.
You die...

§§§##.⌠.##§§§##
§§§§#...#§§§§§#
§§§##...##§§§##
#§###...###§###
#####.gg#######
.....gggg.....⌠
#####ggg#######
§§.##gg@##§§.##
§§..#.gg#§§§.§#
§§§§#...#§§§§§#
§§§§#.⌠(#§§§§.#
§§§##...##§§§##
#####...#######
#########'''#######
.# #..............#
#.#
#...#..........#


You could see Robin, 2 hobgoblins and 10 goblins.

Vanquished Creatures
  2 adders (D:2)
  2 oozes
  2 dart slugs (D:1)
  A ball python (D:2)
  2 giant cockroaches (D:2)
  5 goblins
  A hobgoblin (D:1)
  5 jackals (D:2)
  A bat (D:1)
  2 frilled lizards (D:2)
  A kobold (D:1)
  5 rats (D:1)
29 creatures vanquished.

Notes
Turn   | Place    | Note
-------+----------+-------------------------------------------
     0 | D:1      | Alfie the Hill Orc Fighter began the quest for the Orb.
     0 | D:1      | Reached XP level 1. HP: 19/19 MP: 1/1
   492 | D:1      | Reached XP level 2. HP: 27/27 MP: 2/2
  1159 | D:2      | Reached XP level 3. HP: 30/33 MP: 3/3
  1355 | D:2      | Reached XP level 4. HP: 10/40 MP: 4/4
  1435 | D:2      | Found a sparkling altar of Nemelex Xobeh.
  1439 | D:2      | Noticed Robin
  1447 | D:2      | HP: 2/40 [goblin[Robin] (3)]
  1449 | D:2      | Slain by a goblin

Skill      XL: |  1  2  3 |
---------------+----------+-----
Fighting       | 4 |  4.2
Shields        | 4 |  4.1
Short Blades   | |  2.4
Armour         | |  3.8

Action                   |  1- 3 |  4- 6 || total
-------------------------+-------+-------++-------
Melee: Rapier            |   110 |    15 ||   125
  Use: Potion            |     1 |       ||     1
       Scroll            |       |     5 ||     5
  Eat: Bread ration      |     1 |       ||     1
Armor: Scale mail        |    49 |    19 ||    68
Dodge: Dodged            |    42 |    16 ||    58
Block: Shield            |    68 |    15 ||    83
